 Seeded DCSS version 0.29.1-1-gd02db6906a (webtiles) character file.

Game seed: 3204461630680759211 (custom seed)

259 GigaChad the Trooper (level 5, 0/50 HPs)
             Began as a Minotaur Fighter on Oct 5, 2022.
             Was a Follower of Okawaru.
             Slain by a lemure (1 damage)
             ... led by Pikel
             ... on level 4 of the Dungeon.
             The game lasted 00:06:20 (3522 turns).

GigaChad the Trooper (Minotaur Fighter)             Turns: 3522, Time: 00:06:21

Health: 0/50       AC:  7    Str: 23    XL:     5   Next: 94%
Magic:  4/4        EV:  7    Int:  5    God:    Okawaru [*.....]
Gold:   90         SH:  4    Dex:  9    Spells: 4/4 levels left

rFire   . . .      SeeInvis .   a - +0 long sword
rCold   + . .      Faith    +   c - +0 buckler
rNeg    . . .      Spirit   .   l - +0 plate armour
rPois   +          Reflect  .   (helmet restricted)
rElec   +          Harm     .   (no cloak)
rCorr   .          Rampage  +   (no gloves)
Will    +....                   (no boots)
Stlth   ..........              m - amulet "Voul" {Faith Rampage *Corrode rElec}
HPRegen 0.16/turn               n - ring of the Four Gods {rPois rC+ Will+}
MPRegen 0.09/turn               (no ring)

@: corroded
A: horns 2, retaliatory headbutt
a: Renounce Religion, Heroism


You were on level 4 of the Dungeon.
You worshipped Okawaru.
Okawaru was aware of your devotion.
You visited 1 branch of the dungeon, and saw 4 of its levels.

You collected 90 gold pieces.

Inventory:

Hand Weapons
 a - a +0 long sword (weapon)
 o - a +0 glaive
Missiles
 g - 6 poisoned darts (quivered)
Armour
 b - a +0 scale mail
 c - a +0 buckler (worn)
 l - a +0 plate armour (worn)
Jewellery
 m - the amulet "Voul" (around neck) {Faith Rampage *Corrode rElec}
   (You acquired it on level 2 of the Dungeon)

   [amulet of faith]

   It allows you to gain divine favour quickly.
   rElec:     It insulates you from electricity.
   *Corrode:  It may corrode you when you take damage.
   Rampage:   It bestows one free step when moving towards enemies.
 n - the ring of the Four Gods (left hand) {rPois rC+ Will+}
   (You acquired it on level 2 of the Dungeon)

   [ring of protection from cold]

   rC:        It protects you from cold.
   rPois:     It protects you from poison.
   Will:      It increases your willpower.
Wands
 q - a wand of mindburst (2)
Scrolls
 j - 4 scrolls of amnesia
 r - a scroll of fear {unknown}
 s - a scroll of summoning {unknown}
 t - a scroll of identify {unknown}
 v - a scroll of poison {unknown}
 w - a scroll of immolation {unknown}
 x - a scroll of noise {unknown}
 y - a scroll of torment {unknown}
Potions
 d - a potion of might
 e - a potion of ambrosia {unknown}
 f - 2 potions of attraction {unknown}
 h - 3 potions of curing {unknown}
 i - 3 potions of brilliance {unknown}
 k - a potion of magic {unknown}
 u - a potion of haste {unknown}
Miscellaneous
 p - a lightning rod (4/4)


   Skills:
 - Level 5.9 Fighting
 - Level 2.4 Long Blades
 - Level 3.6 Armour
 + Level 4.7 Dodging
 - Level 3.6 Shields


You had 4 spell levels left.
You didn't know any spells.
Your spell library contained the following spells:

 Spells                   Type           Power      Damage    Failure   Level
 Freeze                   Ice            0%         1d3       100%        1
 Static Discharge         Conj/Air       0%         3-3/arc   100%        2
 Confusing Touch          Hex            0%         N/A       100%        3
 Lesser Beckoning         Tloc           0%         N/A       100%        3
 Ozocubu's Armour         Ice            0%         N/A       100%        3
 Lightning Bolt           Conj/Air       0%         1d11      100%        5
 Manifold Assault         Tloc           0%         N/A       100%        5
 Metabolic Englaciation   Hex/Ice        0%         N/A       100%        5
 Yara's Violent Unravell  Hex/Tmut       0%         3d3       100%        5
 Enfeeble                 Hex            0%         N/A       100%        7
 Disjunction              Tloc           0%         N/A       100%        8
 Maxwell's Capacitive Co  Air            0%         ∞         100%        8
 Simulacrum               Ice/Necr       Unusable   N/A       N/A         6

Dungeon Overview and Level Annotations

Branches:
Dungeon (4/15)
 Temple: D:4-7

Altars:
Ashenzari
Kikubaaqudgha
Okawaru
Zin

Shops:
D:2 (

Annotations:
D:4 Pikel


Innate Abilities, Weirdness & Mutations

You have a pair of horns on your head.
You reflexively headbutt those who attack you in melee.


Message History

You block the quokka's attack. The quokka barely misses you.
You furiously retaliate!
You headbutt the quokka.
Things that are here:
a +0 spear; an iguana corpse You block the quokka's attack.
The lemure hits you but does no damage.
The quokka bites you but does no damage.
Pikel hits you with a +0 whip of flaming.
Pikel burns you. You block the lemure's attack.
Things that are here:
a +0 spear; an iguana corpse The quokka barely misses you.
You furiously retaliate!
You headbutt the quokka.
You kill the quokka!
Okawaru accepts your kill.
Pikel hits you with a +0 whip of flaming.
Pikel burns you. The lemure closely misses you.
You hit Pikel.
Pikel is lightly wounded.
The lemure hits you. Pikel barely misses you. You furiously retaliate!
You headbutt Pikel, but do no damage. You hit Pikel but do no damage.
You block the lemure's attack. The lemure barely misses you.
You furiously retaliate!
You headbutt the lemure!
Pikel hits you with a +0 whip of flaming.
Pikel burns you.
You barely miss Pikel. The lemure barely misses you.
The lemure hits you but does no damage. The lemure hits you.
Pikel hits you with a +0 whip of flaming.
* * * LOW HITPOINT WARNING * * *
Pikel burns you.
* * * LOW HITPOINT WARNING * * *
Pikel hits you with a +0 whip of flaming.
* * * LOW HITPOINT WARNING * * *
Pikel burns you.
* * * LOW HITPOINT WARNING * * *
The lemure hits you.
* * * LOW HITPOINT WARNING * * *
You block the lemure's attack. The lemure hits you!
* * * LOW HITPOINT WARNING * * *
You barely miss Pikel. The lemure hits you but does no damage.
The lemure hits you.
You die...

## #......# #.####
#.....# ##..#.# ##.....
#.....######......
#......##.##......
#...........#...#. .
#....##.....#..##.
....####...##.....)..###
.......@5...##......###.
......5K5...............
.......5).....#.........
........#....###.......#
.......##....>#........#
....... ##..###..##.....
......# ##.# ..##......
...... ..##. #..##.. ##.


You could see Pikel and 4 lemures.

Vanquished Creatures
  A black bear (D:4)
  An iguana (D:4)
  Natasha (D:4)
  4 adders
  An ufetubus (D:4)
  2 worms
  A dart slug (D:1)
  6 ball pythons
  6 endoplasms
  3 giant cockroaches
  4 hobgoblins
  13 jackals
  A quokka (D:4)
  7 bats
  A frilled lizard (D:1)
  4 goblins
  7 kobolds
  5 rats
68 creatures vanquished.

Notes
Turn   | Place    | Note
-------+----------+-------------------------------------------
     0 | D:1      | GigaChad the Minotaur Fighter began the quest for the Orb.
     0 | D:1      | Reached XP level 1. HP: 19/19 MP: 0/0
   211 | D:1      | Reached skill level 4 in Fighting
   484 | D:1      | Reached XP level 2. HP: 28/28 MP: 1/1
   891 | D:2      | Reached skill level 5 in Fighting
   918 | D:2      | Reached XP level 3. HP: 36/36 MP: 2/2
   931 | D:2      | Found Tucixim's Weapon Shop.
  1092 | D:2      | Identified 2 scrolls of acquirement
  1092 | D:2      | Acquired the ring of the Four Gods {rPois rC+ Will+}
  1094 | D:2      | Acquired the amulet "Voul" {Faith Rampage *Corrode rElec}
  2059 | D:3      | Reached XP level 4. HP: 44/44 MP: 3/3
  2204 | D:3      | Reached skill level 1 in Dodging
  2248 | D:3      | Found a faded altar of an unknown god.
  2308 | D:3      | Prayed at the altar of an unknown god.
  2308 | D:3      | Became a worshipper of Warmaster Okawaru
  2308 | D:3      | Reached * piety under Okawaru
  2372 | D:3      | Found an ancient bone altar of Kikubaaqudgha.
  2519 | D:3      | Got the Excursus on Quantum Ice
  3081 | D:3      | Found a glowing silver altar of Zin.
  3197 | D:4      | Noticed a black bear
  3207 | D:4      | Killed a black bear
  3208 | D:4      | Reached XP level 5. HP: 21/50 MP: 4/4
  3421 | D:4      | Noticed Natasha
  3429 | D:4      | Killed Natasha
  3435 | D:4      | Found a broken altar of Ashenzari.
  3511 | D:4      | Noticed Pikel
  3511 | D:4      | Noticed a lemure
  3512 | D:4      | Noticed a lemure
  3513 | D:4      | Noticed a lemure
  3514 | D:4      | Noticed a lemure
  3521 | D:4      | HP: 1/50 [lemure[Pikel] (8)]
  3522 | D:4      | Slain by a lemure

Illustrated notes

Levels and vault maps discovered:
D:1:      eino_arrival_cavern_c, layout_basic
D:2:      layout_basic, serial_shops, nicolae_shop_bloodbath_and_beyond
D:3:      layout_basic, lemuel_tele_altar, mainiacjoe_overflow_alcove_4,
          hellmonk_ecumenical_altar_lost_god
D:4:      layout_cave_pools, old_standard_altar, cheibrodos_sewer_entry_sluice,
          uniq_pikel, uniq_natasha

Skill      XL: |  1  2  3  4  5 |
---------------+----------------+-----
Fighting       | 4 5 |  5.9
Dodging        | 3 4 |  4.7
Long Blades    | |  2.4
Armour         | |  3.6
Shields        | |  3.6

Action                   |  1- 3 |  4- 6 || total
-------------------------+-------+-------++-------
Melee: Long sword        |    98 |    84 ||   182
       Headbutt          |    10 |    10 ||    20
  Use: Scroll            |     5 |       ||     5
Armor: Scale mail        |    20 |       ||    20
       Plate armour      |    99 |    76 ||   175
Dodge: Dodged            |    62 |    47 ||   109
Block: Buckler           |    39 |    31 ||    70
